 Dungeon Crawl Stone Soup version 0.21.1-1-g345015fe64 (webtiles) character file.

205 Holzbalken the Cudgeler (level 5, -7/41 HPs)
             Began as a Demonspawn Monk on July 15, 2018.
             Mangled by an ogre
             ... wielding a +0 giant club
              (14 damage)
             ... on level 4 of the Dungeon.
             The game lasted 00:10:09 (3360 turns).

Holzbalken the Cudgeler (Demonspawn Monk)           Turns: 3360, Time: 00:10:10

Health: -7/41      AC: 13    Str: 14    XL:     5   Next: 53%
Magic:  5/5        EV:  9    Int: 11    God:
Gold:   126        SH:  0    Dex: 21    Spells: 4/4 levels left

rFire    . . .     SeeInvis .   a - +0 mace
rCold    . . .     Gourm    +   (no shield)
rNeg     . . .     Faith    .   j - +0 plate armour (curse)
rPois    .         Spirit   .   (helmet restricted)
rElec    .         Reflect  .   o - +0 cloak
rCorr    .         Harm     .   f - +0 pair of gloves
MR       .....                  v - +0 pair of boots
Stlth    ..........             n - amulet of the gourmand
HPRegen  0.13/turn              p - +2 ring of strength
MPRegen  0.09/turn              (no ring)

@: agile
A: horns 1, powered by pain 1
a: no special abilities


You were on level 4 of the Dungeon.
You were completely stuffed.

You visited 1 branch of the dungeon, and saw 4 of its levels.

You collected 126 gold pieces.

Inventory:

Hand Weapons
 a - a +0 mace (weapon)
Armour
 b - a +0 robe
 d - a +0 chain mail
 f - a +0 pair of gloves (worn)
 j - a cursed +0 plate armour (worn)
 o - a +0 cloak (worn)
 v - a +0 pair of boots (worn)
Jewellery
 n - an amulet of the gourmand (around neck)
 p - a +2 ring of strength (left hand)
 s - the ring "Hegum" {MR+ MP+9 Int+4, unknown}
   (You found it on level 4 of the Dungeon)

   [ring of magical power]

   It affects your intelligence (+4).
   It affects your resistance to hostile enchantments.
   It affects your magic capacity (+9).
Wands
 w - a wand of random effects (33)
 y - a wand of flame (20)
Scrolls
 e - 7 scrolls of identify {unknown}
 h - 3 scrolls of teleportation {unknown}
 i - a scroll of remove curse {unknown}
 l - a scroll of enchant weapon {unknown}
 q - 2 scrolls of fear {unknown}
 r - 4 scrolls of fog {unknown}
 A - a scroll of immolation {unknown}
Potions
 g - 3 potions of flight {unknown}
 k - a potion of might {unknown}
 m - a potion of degeneration {unknown}
 t - 2 potions of curing
 u - a potion of resistance {unknown}
 x - a potion of lignification {unknown}
Comestibles
 c - 5 rations
 z - 4 chunks of flesh


   Skills:
 - Level 3.0 Fighting
 + Level 5.7 Maces & Flails
 - Level 2.6 Dodging
 - Level 1.7 Stealth


You had 4 spell levels left.
You didn't know any spells.

Dungeon Overview and Level Annotations

Branches:
Dungeon (4/15)
 Temple: D:4-7

Altars:
Ashenzari
Okawaru


Innate Abilities, Weirdness & Mutations

You have a pair of small horns on your head.
You sometimes gain a little power by taking damage.


Message History

The ogre is heavily wounded.
The ogre hits you with a giant club!!
Ouch! That really hurt!
* * * LOW HITPOINT WARNING * * *
The quokka twitches its whiskers.
The quokka closely misses you.
The quokka bites you but does no damage.
The quokka barely misses you.
The quokka twitches its whiskers.
The quokka misses you. The quokka closely misses you.
The quokka bites you but does no damage.
The ogre closely misses you.
There is a stone staircase leading up here.
The ogre barely misses you.
The quokka bites you but does no damage.
There is a stone staircase leading up here.
The quokka bites you but does no damage.
The ogre hits you with a giant club!
You die...

##...####...## #......
#.....####...# ##....#
##.##....##...### ##.....#
#..# ##.........####..###..
..#####.## #.............##
##. ........## #.....###...###
# ##...##..## ##...## ##..#
#.. #...## #..## #..# ##
##...####r@# #..# #..
#.......O## #..#
#...#........# #.##
#.......###..#######..
#....#....##..#.......
..#####....#.......... .
##...............
##.....................
#########.....................


You could see an ogre and a quokka.

Vanquished Creatures
  A centaur skeleton (D:3)
  Jessica (D:2)
  A hound skeleton (D:3)
  7 adders
  2 worms
  A dart slug (D:3)
  4 leopard geckos
  2 orcs (D:3)
  7 bats
  5 giant cockroaches
  4 hobgoblins
  4 jackals
  3 quokkas (D:3)
  8 goblins
  10 kobolds
  3 rats
63 creatures vanquished.

Notes
Turn   | Place    | Note
-------+----------+-------------------------------------------
     0 | D:1      | Holzbalken the Demonspawn Monk began the quest for the Orb.
     0 | D:1      | Reached XP level 1. HP: 18/18 MP: 1/1
   204 | D:1      | Reached skill level 3 in Maces & Flails
   504 | D:1      | Gained mutation: You have a pair of small horns on your head. [demonic ancestry]
   504 | D:1      | Reached XP level 2. HP: 24/24 MP: 2/2
   519 | D:1      | Found an iron altar of Okawaru.
  1405 | D:2      | Reached XP level 3. HP: 25/29 MP: 3/3
  1496 | D:2      | Reached skill level 4 in Maces & Flails
  1634 | D:2      | Noticed Jessica
  1647 | D:2      | Killed Jessica
  1647 | D:2      | Reached XP level 4. HP: 30/35 MP: 4/4
  2284 | D:3      | Reached skill level 5 in Maces & Flails
  2295 | D:3      | Gained mutation: You sometimes gain a little power by taking damage. [demonic ancestry]
  2295 | D:3      | Reached XP level 5. HP: 40/41 MP: 5/5
  2658 | D:3      | Found an iron altar of Okawaru.
  2724 | D:3      | Found a shattered altar of Ashenzari.
  3007 | D:4      | Noticed an ogre
  3242 | D:4      | Got a bound brass ring
  3319 | D:4      | Noticed an ogre
  3329 | D:4      | HP: 2/41 [ogre/giant club (21)]
  3360 | D:4      | Mangled by an ogre

Skill      XL: |  1  2  3  4 |
---------------+-------------+-----
Maces & Flails | 3 4 5 |  5.7
Fighting       | |  3.0
Dodging        | |  2.6
Stealth        | |  1.7

Action                   |  1- 3 |  4- 6 || total
-------------------------+-------+-------++-------
Melee: Mace              |    98 |   159 ||   257
       Headbutt          |     5 |    24 ||    29
  Use: Potion            |     1 |     1 ||     2
  Eat: Chunk             |     4 |    14 ||    18
Armor: Chain mail        |   134 |       ||   134
       Robe              |     3 |       ||     3
       Plate armour      |    26 |   152 ||   178
Dodge: Dodged            |    64 |    54 ||   118
